AoeStats
← J4MAL MURR4Y

Arena

508560486Analyzed
3v3 RM · 10d ago on Sep 23, 2026· 47m 47s· 6 players
Game mode
Random Map
Map size
Normal (6 player)
Population
200
Speed
Normal
Resources
Standard
Victory
Conquest
Starting age
Dark Age
Ending age
Imperial Age
RankedLock teamsTeams togetherTeam positionsShared explorationLock speedFull tech treeHidden civsTurbo modeCheats
Victory
Defeat
🇨🇱 Bohemians · Chile
1069
+12
🇨🇱 Lithuanians · Chile
962
+16
🇨🇱 Mongols · Chile
930
+18
🇺🇸 Varangians · United States
990
-16
🇨🇱 Khmer · Chile
980
-16
🇲🇽 Bohemians · Mexico
947
-14
Void-Warrior
10:48 Feudal Age
15:18 Castle Age
15:41 Double-Bit Axe
15:48 Horse Collar
16:59 Bow Saw
17:06 Forging
24:33 Fletching
25:53 Iron Casting
25:34 Husbandry
26:50 Wheelbarrow
28:29 Hand Cart
28:38 Heavy Plow
29:23 Scale Barding Armor
32:13 Imperial Age
31:04 Chain Barding Armor
33:13 Gold Mining
35:49 Blast Furnace
36:33 Plate Barding Armor
37:07 Conscription
36:11 Elite Jarl
37:43 Bloodlines
44:07 Squires
44:02 Pikeman
45:10 Scale Mail Armor
45:40 Halberdier
47:38 Two-Man Saw
harald
1:57 Loom
2:02 Loom
10:41 Feudal Age
11:20 Double-Bit Axe
11:15 Horse Collar
12:13 Wheelbarrow
20:04 Castle Age
20:59 Bow Saw
21:29 Town Watch
22:00 Hand Cart
23:07 Chemistry
22:06 Fletching
24:17 Padded Archer Armor
24:34 Squires
31:31 Imperial Age
30:09 Wagenburg Tactics
31:10 Leather Archer Armor
32:30 Ballistics
32:19 Siege Engineers
32:37 Conscription
32:33 Hussite Reforms
35:33 Theocracy
35:09 Fervor
36:09 Fervor
36:35 Theocracy
36:13 Redemption
36:22 Block Printing
36:38 Sanctity
36:45 Illumination
40:29 Illumination
39:42 Houfnice
Shaggy
11:04 Loom
12:50 Feudal Age
18:49 Castle Age
17:34 Double-Bit Axe
24:16 Imperial Age
36:34 Chemistry
39:01 Elite Skirmisher
40:28 Ballistics
43:07 Fletching
43:17 Padded Archer Armor
wan !
11:57 Feudal Age
16:16 Castle Age
15:19 Double-Bit Axe
17:49 Loom
18:22 Bow Saw
19:00 Fervor
21:16 Fletching
22:22 Horse Collar
23:28 Sanctity
23:47 Heavy Plow
26:27 Wheelbarrow
27:48 Hand Cart
30:15 Imperial Age
29:50 Chemistry
29:19 Town Watch
30:04 Bodkin Arrow
30:13 Padded Archer Armor
31:21 Masonry
31:52 Conscription
31:41 Wagenburg Tactics
32:06 Houfnice
33:29 Architecture
35:02 Siege Engineers
36:40 Ballistics
37:18 Pikeman
37:58 Squires
38:11 Forging
38:02 Scale Mail Armor
38:48 Man-at-Arms
38:51 Halberdier
40:08 Iron Casting
39:49 Chain Mail Armor
44:31 Elite Skirmisher
47:15 Blast Furnace
46:46 Plate Mail Armor
J4MAL MURR4Y
11:23 Feudal Age
13:24 Loom
15:41 Castle Age
15:25 Man-at-Arms
20:56 Wheelbarrow
20:09 Loom
20:10 Town Watch
21:26 Forging
21:23 Scale Barding Armor
23:09 Long Swordsman
23:42 Horse Collar
24:49 Light Cavalry
27:34 Hand Cart
29:28 Double-Bit Axe
29:45 Heavy Plow
30:06 Gold Mining
31:10 Stone Mining
31:33 Bow Saw
31:52 Fervor
32:37 Hill Forts
35:12 Imperial Age
32:53 Squires
34:57 Bloodlines
34:49 Husbandry
34:59 Scale Barding Armor
35:32 Iron Casting
37:31 Conscription
36:53 Cavalier
38:21 Crop Rotation
41:49 Redemption
45:19 Fletching
45:30 Padded Archer Armor
cplenz
11:08 Feudal Age
15:41 Castle Age
14:13 Horse Collar
14:22 Double-Bit Axe
17:37 Wheelbarrow
22:57 Loom
29:33 Imperial Age
30:08 Fletching
30:18 Padded Archer Armor
30:49 Conscription
31:53 Bodkin Arrow
32:14 Leather Archer Armor
34:20 Bracer
37:12 Chemistry
36:33 Ballistics
36:26 Fortified Wall
38:17 Elite Mangudai
46:02 Thumb Ring
Connection lost

Rejoining the realm…

Still unreachable

The connection could not be restored.

Session expired

The server has moved on; the page needs a fresh start.